 Dungeon Crawl Stone Soup version 0.25.1-2-g60ff931df9 (webtiles) character file.

Game seed: 18208013893177105941

445 Qrupt the Ducker (level 6, -3/49 HPs)
             Began as a Demonspawn Gladiator on Oct 29, 2020.
             Was an Initiate of Makhleb.
             Killed by divine providence
             ... invoked by an orc priest
              (10 damage)
             ... on level 4 of the Dungeon.
             The game lasted 00:05:57 (3583 turns).

Qrupt the Ducker (Demonspawn Gladiator)             Turns: 3583, Time: 00:05:57

Health: -3/49      AC:  5    Str: 16    XL:     6   Next: 72%
Magic:  6/6        EV: 14    Int: 10    God:    Makhleb [......]
Gold:   235        SH:  0    Dex: 14    Spells: 5/5 levels left

rFire    . . .     SeeInvis .   a - +0 long sword
rCold    . . .     Gourm    .   (no shield)
rNeg     . . .     Faith    .   b - +0 leather armour
rPois    .         Spirit   .   (helmet restricted)
rElec    .         Reflect  .   (no cloak)
rCorr    .         Harm     .   (no gloves)
MR       .....                  (no boots)
Stlth    +.........             (no amulet)
HPRegen  0.16/turn              (no ring)
MPRegen  0.10/turn              (no ring)

@: no status effects
A: antennae 1, molten scales 1, powered by death 1
a: Renounce Religion


You were on level 4 of the Dungeon.
You worshipped Makhleb.
Makhleb was noncommittal.
You were very hungry.

You visited 1 branch of the dungeon, and saw 4 of its levels.
You also visited: Sewer.

You collected 235 gold pieces.

Inventory:

Hand Weapons
 a - a +0 long sword (weapon)
Missiles
 d - a throwing net (quivered)
Armour
 b - a +0 leather armour (worn)
 c - a +0 helmet
 u - a +0 pair of gloves
Jewellery
 w - a cursed ring of attention {unknown}
Wands
 i - a wand of flame (6)
 t - a wand of polymorph (5)
Scrolls
 e - a scroll of blinking {unknown}
 g - a scroll of immolation {unknown}
 h - 2 scrolls of remove curse {unknown}
 j - a scroll of fear {unknown}
 n - a scroll of enchant armour {unknown}
 o - a scroll of random uselessness {unknown}
 p - 2 scrolls of identify {unknown}
 r - 2 scrolls of teleportation {unknown}
Potions
 k - 2 potions of haste {unknown}
 l - 4 potions of heal wounds {unknown}
 m - a potion of lignification {unknown}
 s - 2 potions of curing {unknown}
 v - 2 potions of flight {unknown}
Comestibles
 f - 3 rations


   Skills:
 + Level 4.4 Fighting
 + Level 4.5 Long Blades
 - Level 1.7 Throwing
 + Level 4.6 Dodging


You had 5 spell levels left.
You didn't know any spells.
Your spell library was empty.

Dungeon Overview and Level Annotations

Branches:
Dungeon (4/15)              Sewer (visited)
 Temple: D:4-7

Altars:
Gozag
Makhleb
Vehumet
Wu Jian


Innate Abilities, Weirdness & Mutations

You have a pair of small antennae on your head.
You are partially covered in molten scales. (AC +2)
You regenerate a little health from kills.


Message History

The orc priest is severely wounded.
The orc priest hits you but does no damage.
The orc priest invokes the aid of Beogh against you.
Beogh smites you!
* * * LOW HITPOINT WARNING * * *
You hit the orc priest.
The orc priest is severely wounded.
The orc priest hits you but does no damage.
You hit the orc priest but do no damage.
The orc priest is severely wounded.
The orc priest hits you with a +0 dagger.
* * * LOW HITPOINT WARNING * * *
You hit the orc priest.
The orc priest is almost dead.
The orc priest hits you but does no damage.
You hit the orc priest.
The orc priest is almost dead.
The orc priest mumbles some strange prayers to Beogh against you.
Beogh smites you!
You die...

#.......#
#####o###
#.# #.#
#.# #.#
#.#
######.#
#<..@o.#
######.#
#.# #.#
###


You could see an orc priest.

Vanquished Creatures
  Sigmund (D:3)
  A big kobold (Sewer)
  Terence (D:3)
  Natasha (D:1)
  An orc wizard (D:4)
  Robin (D:2)
  3 gnolls
  2 adders (D:3)
  An ooze (D:2)
  2 dart slugs
  A leopard gecko (D:3)
  2 orcs
  14 bats
  3 giant cockroaches
  13 goblins
  10 hobgoblins
  A jackal (Sewer)
  3 quokkas
  3 frilled lizards (D:1)
  6 kobolds
  13 rats
83 creatures vanquished.

Notes
Turn   | Place    | Note
-------+----------+-------------------------------------------
     0 | D:1      | Qrupt the Demonspawn Gladiator began the quest for the Orb.
     0 | D:1      | Reached XP level 1. HP: 16/16 MP: 1/1
    96 | D:1      | Gained mutation: You regenerate a little health from kills.
                  | [demonic ancestry]
    96 | D:1      | Reached XP level 2. HP: 22/22 MP: 2/2
   788 | D:1      | Gained mutation: You are partially covered in molten
                  | scales. (AC +2) [demonic ancestry]
   788 | D:1      | Reached XP level 3. HP: 19/28 MP: 3/3
  1122 | D:2      | Noticed Robin
  1131 | D:2      | Noticed Natasha
  1143 | D:1      | Killed Natasha
  1143 | D:1      | Reached XP level 4. HP: 24/34 MP: 4/4
  1423 | D:2      | Killed Robin
  1553 | D:2      | Found an opulent altar of Gozag.
  1928 | D:3      | Gained mutation: You have a pair of small antennae on your
                  | head. [demonic ancestry]
  1928 | D:3      | Reached XP level 5. HP: 40/41 MP: 5/5
  1944 | D:3      | Found a glowing drain.
  1968 | Sewer    | Entered a sewer
  2111 | Sewer    | Found a white marble altar of Elyvilon.
  2370 | D:3      | Noticed Terence
  2379 | D:3      | Killed Terence
  2468 | D:3      | Found a faded altar of an unknown god.
  2503 | D:3      | Found an ornate altar of the Wu Jian Council.
  2657 | D:3      | Found a radiant altar of Vehumet.
  2732 | D:3      | Noticed Sigmund
  2912 | D:3      | Killed Sigmund
  2912 | D:3      | Reached XP level 6. HP: 37/49 MP: 6/6
  3404 | D:3      | Found a burning altar of Makhleb.
  3412 | D:3      | Became a worshipper of Makhleb the Destroyer
  3583 | D:4      | Killed from afar by an orc priest

Illustrated notes

Levels and vault maps discovered:
D:1:      dpeg_arrival_tiny_f, layout_basic
D:2:      layout_basic, nicolae_gozag_seed_capital, uniq_robin, uniq_natasha
D:3:      layout_rooms, lemuel_coloured_pillars_altar, lemuel_doored_altar,
          fiery_altar_vehumet, chequers_ecumenical_altar_grove,
          portal_sewer_entry_d, serial_co_window_serial, co_window_paths_b,
          co_window_paths_a, co_window_corner_a, co_window_of_opportunity_a,
          co_window_corner_a, co_window_paths_b, co_window_of_opportunity_a,
          co_window_2corner, co_window_2corner, co_window_2corner,
          co_window_broadway_c, co_window_of_opportunity_b, minmay_bisected,
          uniq_terence, uniq_sigmund
D:4:      layout_basic, cheibrodos_ashenzari_chains, minmay_temple_entry_glass,
          first_ration, doesnt_xom_only_xom

Skill      XL: |  1  2  3  4  5 |
---------------+----------------+-----
Long Blades    | 3 4 |  4.5
Dodging        | 3 4 |  4.6
Fighting       | 3 4 |  4.4
Throwing       | |  1.7

Action                   |  1- 3 |  4- 6 || total
-------------------------+-------+-------++-------
Melee: Long sword        |    83 |   169 ||   252
Throw: Throwing net      |       |     2 ||     2
Evoke: Wand              |       |     4 ||     4
  Use: Potion            |     2 |       ||     2
 Stab: Sleeping          |     1 |       ||     1
       Held in net/web   |       |     2 ||     2
  Eat: Chunk             |     1 |     7 ||     8
Armor: Leather armour    |    33 |    54 ||    87
Dodge: Dodged            |    80 |   140 ||   220
       Rpst.: Long sword |    23 |    49 ||    72
